 Dungeon Crawl Stone Soup version 0.29.0-4-gdea44cf6ec (webtiles) character file.

Game seed: 13388058980329214789

82 qw the Chopper (level 4, -3/26 HPs)
             Began as a Tengu Warper on Aug 28, 2022.
             Killed by nerve-wracking pain
             ... invoked by an orc priest
              (14 damage)
             ... on level 3 of the Dungeon.
             The game lasted 00:00:13 (2749 turns).

qw the Chopper (Tengu Warper)                       Turns: 2749, Time: 00:00:14

Health: -3/26      AC:  5    Str: 13    XL:     4   Next: 43%
Magic:  8/8        EV: 11    Int: 13    God:
Gold:   85         SH:  0    Dex: 20    Spells: 7/7 levels left

rFire   . . .      SeeInvis .   Y - +0 hand axe
rCold   . . .      Faith    .   (no shield)
rNeg    . . .      Spirit   .   f - +0 ring mail
rPois   .          Reflect  .   (helmet restricted)
rElec   .          Harm     .   (no cloak)
rCorr   .          Rampage  .   (no gloves)
Will    .....                   (boots unavailable)
Stlth   +.........              (no amulet)
HPRegen 0.08/turn               d - +6 ring of dexterity
MPRegen 0.11/turn               (no ring)

@: no status effects
A: beak, talons 3
a: no special abilities


You were on level 3 of the Dungeon.
You visited 1 branch of the dungeon, and saw 3 of its levels.

You collected 85 gold pieces.


Innate Abilities, Weirdness & Mutations

You have a beak for a mouth.
You have claws for feet.


   Skills:
 - Level 2.0 Fighting
 + Level 5.0 Axes
 - Level 1.0 Throwing
 - Level 1.1 Armour
 - Level 2.1 Dodging
 - Level 2.0 Spellcasting
 - Level 2.4 Translocations


You had 7 spell levels left.
You didn't know any spells.
Your spell library contained the following spells:

 Spells                   Type           Power      Damage    Failure   Level
 Blink                    Tloc           14%        N/A       30%         2
 Gell's Gravitas          Tloc           7%         N/A       52%         3
 Lesser Beckoning         Tloc           7%         N/A       52%         3
 Teleport Other           Tloc           7%         N/A       52%         3
 Manifold Assault         Tloc           7%         N/A       99%         5

Inventory:

Hand Weapons
 c - a +0 whip
 Y - a +0 hand axe (weapon)
Armour
 f - a +0 ring mail (worn)
Jewellery
 d - a +6 ring of dexterity (left hand)
 e - an amulet of guardian spirit
Scrolls
 b - a scroll of identify
Potions
 a - a potion of curing
 i - a potion of might {unknown}

Dungeon Overview and Level Annotations

Branches:
Dungeon (3/15)

Altars:
Dithmenos
Trog


Message History

You hit the orc. You peck the orc.
The orc is heavily wounded.
An orc priest comes into view.
It is wielding a +0 dagger and wearing a +0 ring mail of fire resistance.
The orc priest shouts!
You hit the orc. You claw the orc.
You kill the orc!
You hear a shout!
The orc priest mumbles some strange prayers to Beogh against you.
Pain shoots through your body!
Found a bloodstained altar of Trog.
An orc wizard comes into view. It is wielding a +0 dagger.
You barely miss the orc priest.
The orc priest looks braver for a moment.
You barely miss the orc priest.
You claw the orc priest, but do no damage.
Your peck misses the orc priest.
The orc wizard mumbles some strange words.
The orc wizard flickers and vanishes!
Deactivating autopickup; reactivate with Ctrl-A.
The orc priest hits you with a +0 dagger.
You closely miss the orc priest.
The orc priest hits you with a +0 dagger.
You barely miss the orc priest.
You claw the orc priest, but do no damage.
You peck the orc priest, but do no damage.
You closely miss something. Something hits you but does no damage.
The orc priest hits you with a +0 dagger.
You hit the orc priest but do no damage.
Your kick misses the orc priest. You hit something. Something hits you.
The orc priest closely misses you.
You hit the orc priest but do no damage.
You claw the orc priest. You peck the orc priest.
The orc priest is heavily wounded.
You hit something. Something hits you.
The orc priest calls down the wrath of Beogh upon you.
Pain shoots through your body!
Ouch! That really hurt!
You die...

##........##......#..
#.###........####....#..
......#.#########....#..
......#.# #....#.....).
......#.# #....#.......
......#'####....#.......
................#.......
................#..^....
#o@.)....###.......
#..........<.......
.......#.........#####
#P#.....#.........# #
##....#.........# #
_.....#.........# #
..#....#.........# #
._#....#...####### #
#....#...# #


You could see an orc priest.

Vanquished Creatures
  3 adders (D:2)
  A dart slug (D:1)
  4 orcs (D:3)
  6 ball pythons
  A bat (D:3)
  4 endoplasms
  4 goblins
  5 hobgoblins
  4 jackals (D:2)
  2 quokkas
  4 frilled lizards
  5 kobolds
  3 rats
46 creatures vanquished.

Notes
Turn   | Place    | Note
-------+----------+-------------------------------------------
     0 | D:1      | qw the Tengu Warper began the quest for the Orb.
     0 | D:1      | Reached XP level 1. HP: 12/12 MP: 4/4
     0 | D:1      | 0 ||| qw: Version: 0.1-a-89-g26bdef1
     0 | D:1      | 0 ||| qw: Game counter: 121
     0 | D:1      | 0 ||| qw: Always use a shield: true
     0 | D:1      | 0 ||| qw: God list: Okawaru
     0 | D:1      | 0 ||| qw: Allow faded altars: false
     0 | D:1      | 0 ||| qw: Do Orc after D:15 true
     0 | D:1      | 0 ||| qw: Do second Lair branch before Depths: true
     0 | D:1      | 0 ||| qw: Lair rune preference: random
     0 | D:1      | 0 ||| qw: Plans: Normal
     0 | D:1      | 0 ||| PLANNING D:1-11
     2 | D:1      | Noticed an electric eel
     9 | D:1      | 9 ||| DROPPING scroll of blinking.
    10 | D:1      | 10 ||| Stepping randomly (stuck).
    11 | D:1      | 11 ||| Stepping randomly (stuck).
    12 | D:1      | 12 ||| Stepping randomly (stuck).
    13 | D:1      | 13 ||| Stepping randomly (stuck).
    14 | D:1      | 14 ||| Stepping randomly (stuck).
   368 | D:1      | Reached XP level 2. HP: 17/17 MP: 6/6
   388 | D:1      | Reached skill level 3 in Axes
   654 | D:1      | You fall into a shaft and drop 1 floor!
   689 | D:2      | 689 ||| Stepping ~*~*~tactically~*~*~ (stealth).
   691 | D:2      | 691 ||| Stepping ~*~*~tactically~*~*~ (stealth).
   693 | D:2      | 693 ||| Stepping ~*~*~tactically~*~*~ (stealth).
   694 | D:2      | 694 ||| Stepping ~*~*~tactically~*~*~ (stealth).
   702 | D:2      | Found a faded altar of an unknown god.
   731 | D:2      | 731 ||| UPGRADING to +0 ring mail.
   741 | D:2      | 741 ||| DROPPING +0 leather armour.
   742 | D:2      | 742 ||| UPGRADING to +6 ring of dexterity.
   743 | D:2      | 743 ||| READING scroll labelled FUF LINAEHOTEDD.
   748 | D:2      | 748 ||| READING scroll labelled IPNIXZ MESATU.
   760 | D:2      | 760 ||| Stepping ~*~*~tactically~*~*~ (stealth).
   881 | D:2      | Reached XP level 3. HP: 18/21 MP: 7/7
   983 | D:2      | Reached skill level 4 in Axes
   983 | D:2      | 983 ||| STAIRDANCE
  1278 | D:1      | 1278 ||| Stepping ~*~*~tactically~*~*~ (stealth).
  1282 | D:1      | 1282 ||| Stepping ~*~*~tactically~*~*~ (stealth).
  1308 | D:1      | 1308 ||| Stepping ~*~*~tactically~*~*~ (hiding).
  1598 | D:1      | 1598 ||| READING scroll labelled PIMADIN DAUVA.
  1739 | D:2      | 1739 ||| STAIRDANCE
  1744 | D:2      | 1744 ||| STAIRDANCE
  1841 | D:2      | 1841 ||| DROPPING +0 club.
  1899 | D:2      | 1899 ||| Stepping ~*~*~tactically~*~*~ (stealth).
  1912 | D:2      | Reached XP level 4. HP: 18/26 MP: 8/8
  2492 | D:2      | 2492 ||| READING scroll labelled SEGRAUVIME.
  2493 | D:2      | 2493 ||| READING scroll labelled JUR RENGUX MIU.
  2494 | D:2      | 2494 ||| READING 4 scrolls of identify.
  2494 | D:2      | 2494 ||| IDENTIFYING sapphire potion
  2495 | D:2      | 2495 ||| READING 3 scrolls of identify.
  2495 | D:2      | 2495 ||| IDENTIFYING amethyst potion
  2496 | D:2      | 2496 ||| READING 2 scrolls of identify.
  2496 | D:2      | 2496 ||| IDENTIFYING dark potion
  2497 | D:2      | 2497 ||| DROPPING potion of brilliance.
  2498 | D:2      | 2498 ||| DROPPING potion of lignification.
  2577 | D:3      | 2577 ||| Stepping ~*~*~tactically~*~*~ (stealth).
  2601 | D:3      | 2601 ||| Stepping ~*~*~tactically~*~*~ (stealth).
  2702 | D:3      | 2702 ||| Stepping ~*~*~tactically~*~*~ (stealth).
  2711 | D:3      | Reached skill level 5 in Axes
  2734 | D:3      | Found a shadowy altar of Dithmenos.
  2735 | D:3      | 2735 ||| Stepping ~*~*~tactically~*~*~ (stealth).
  2742 | D:3      | Found a bloodstained altar of Trog.
  2749 | D:3      | Killed from afar by an orc priest

Levels and vault maps discovered:
D:1:      arrival_aquarium_a, layout_rooms
D:2:      layout_loops_cross, hellmonk_ecumenical_altar_dog_temple,
          grunt_ministairs_12
D:3:      layout_basic, gammafunk_temple_overflow_forgotten,
          uniq_crazy_yiuf_cottage

Skill      XL: |  1  2  3  4 |
---------------+-------------+-----
Axes           | 3 4 5 |  5.0
Fighting       | |  2.0
Throwing       | |  1.0
Armour         | |  1.1
Dodging        | |  2.1
Spellcasting   | |  2.0
Translocations | |  2.4

Action                   |  1- 3 |  4- 6 || total
-------------------------+-------+-------++-------
Melee: Hand axe          |    82 |    32 ||   114
       Kick              |    22 |    13 ||    35
       Peck              |     6 |     5 ||    11
       Punch             |     1 |       ||     1
Throw: Boomerang         |     7 |       ||     7
  Use: Scroll            |     3 |     5 ||     8
Armor: Leather armour    |     4 |       ||     4
       Ring mail         |    22 |    11 ||    33
Dodge: Dodged            |    46 |    10 ||    56

Table legend:
 A = Non-vault XP
 B = Vault XP
 C = Vault XP percentage of total XP
 D = Non-vault monster count
 E = Vault monster count
 F = Vault count percentage of total count
                 A         B        C        D         E       F
            +---------+---------+-------+---------+---------+-------
      Total |     108 |      10 |   8.5 |      41 |       5 |  10.9
            +---------+---------+-------+---------+---------+-------
        D:1 |      31 |       0 |   0.0 |      18 |       0 |   0.0
        D:2 |      56 |      10 |  15.2 |      14 |       5 |  26.3
        D:3 |      21 |       0 |   0.0 |       9 |       0 |   0.0
            +---------+---------+-------+---------+---------+-------
